 Dungeon Crawl Stone Soup version 0.28-a0-1404-g4df0f3684d (webtiles) character file.

Game seed: 5243161479132618011

17 snetch the Ducker (level 2, -2/14 HPs)
             Began as a Felid Berserker on Jan 5, 2022.
             Was a Follower of Trog.
             Slain by a hobgoblin (4 damage)
             ... on level 1 of the Dungeon.
             The game lasted 00:01:44 (882 turns).

snetch the Ducker (Felid Berserker)                  Turns: 882, Time: 00:01:45

Health: -2/14      AC:  1    Str: 13    XL:     2   Next: 44%
Magic:  3/3        EV: 18    Int:  8    God:    Trog [*.....]
Gold:   40         SH:  0    Dex: 15    Spells: 1/1 levels left
                                        Lives:  0   Deaths: 0

rFire   + . .      SeeInvis +     - Unarmed
rCold   . . .      Faith    .   (shield unavailable)
rNeg    . . .      Spirit   .   (armour unavailable)
rPois   .          Reflect  .   (helmet unavailable)
rElec   .          Harm     .   (cloak unavailable)
rCorr   .          Rampage  .   (gloves unavailable)
Will    .....                   (boots unavailable)
Stlth   +.........              (no amulet)
HPRegen 0.04/turn               b - ring of protection from fire
MPRegen 0.08/turn               (no ring)

@: quick
A: very small, claws 1, fangs 3, see invisible, speed 1, shaggy fur 1, stealthy
paws, no weapons or thrown items, no armour, multi-lived
a: Renounce Religion, Berserk


You were on level 1 of the Dungeon.
You worshipped Trog.
Trog was aware of your devotion.
You visited 1 branch of the dungeon, and saw 3 of its levels.

You collected 40 gold pieces.

Inventory:

Jewellery
 b - a ring of protection from fire (left paw)
Scrolls
 a - a scroll of identify {unknown}
 e - a scroll of teleportation {unknown}
Potions
 c - a potion of attraction {unknown}
 d - a potion of flight {unknown}
 f - a potion of invisibility {unknown}


   Skills:
 + Level 3.1 Fighting
 + Level 4.5 Dodging
 + Level 3.3 Unarmed Combat


You had one spell level left.
You didn't know any spells.
Your spell library contained the following spells:

 Spells                   Type           Power      Damage    Failure   Level
 Apportation              Tloc           0%         N/A       41%         1
 Gell's Gravitas          Tloc           0%         N/A       78%         3
 Teleport Other           Tloc           0%         N/A       78%         3
 Alistair's Intoxication  Tmut/Pois      0%         N/A       100%        5
 Dispersal                Tloc           0%         N/A       100%        6


Dungeon Overview and Level Annotations

Branches:
Dungeon (3/15)

Altars:
Nemelex Xobeh


Innate Abilities, Weirdness & Mutations

You have sharp claws.
You have razor-sharp teeth.
You have supernaturally acute eyesight. (SInv)
You cover ground quickly. (Speed+)
You are covered in fur. (AC +1)
Your paws help you pounce on unaware monsters.
You are incapable of wielding weapons or throwing items.
You cannot wear armour.
You gain extra lives every three experience levels.


Message History

You slide downwards.
The hatch slams shut behind you.
Found a book of Party Tricks.
Found a stone staircase leading down.
You see here a book of Party Tricks.
You pick up a book of Party Tricks and begin reading...
You add the spells Apportation and Alistair's Intoxication to your library.
There is a stone staircase leading down here.
You climb downwards.
There is a stone staircase leading up here.
Press: ? - help, . - travel You can't see that place. [a stone staircase leading up.]
There is a stone staircase leading up here.
You climb upwards.
There is a stone staircase leading down here.
There is a stone staircase leading up here.
You climb upwards.
There is a stone staircase leading down here.
There is a shaft here.
A hobgoblin and a kobold come into view.
The kobold shouts!
The hobgoblin shouts!
The kobold misses you.
You hear a shout!
You scratch the kobold.
You kill the kobold!
Trog accepts your kill.
Things that are here:
a +0 whip; 3 stones A hobgoblin comes into view.
The hobgoblin misses you.
You barely miss the hobgoblin. The hobgoblin completely misses you.
You scratch the hobgoblin but do no damage.
The hobgoblin hits you.
You closely miss the hobgoblin. The hobgoblin hits you.
You scratch the hobgoblin but do no damage.
The hobgoblin hits you. x2
* * * LOW HITPOINT WARNING * * *
You scratch the hobgoblin.
The hobgoblin is heavily wounded.
The hobgoblin completely misses you. The hobgoblin hits you.
You die...

#...# #...# ####...##
####### #.......#
.....# ##.##.##..
#.#.# #.........
##..#######.........
#.gg..^........##...
#.##@#######[.#.##...
#.#####.#
#..........#
#......)#
#.#.......##
######### #.#.......#
#.#########
########.#
#.....##.##########
#.
#.....##...........
#.
.#.....##.##........


You could see 2 hobgoblins.

Vanquished Creatures
  A dart slug (D:1)
  A ball python (D:1)
  2 giant cockroaches
  2 goblins (D:2)
  A hobgoblin (D:1)
  A quokka (D:1)
  A bat (D:1)
  A frilled lizard (D:1)
  3 kobolds
  2 rats (D:1)
15 creatures vanquished.

Notes
Turn   | Place    | Note
-------+----------+-------------------------------------------
     0 | D:1      | snetch the Felid Berserker began the quest for the Orb.
     0 | D:1      | Reached XP level 1. HP: 10/10 MP: 2/2
   318 | D:1      | Reached XP level 2. HP: 14/14 MP: 3/3
   347 | D:2      | Found a sparkling altar of Nemelex Xobeh.
   882 | D:1      | Slain by a hobgoblin

Illustrated notes

Levels and vault maps discovered:
D:1:      scummos_arrival_simple_crosswalls, layout_loops_cross, serial_shops,
          nicolae_lakefront_shop
D:2:      layout_basic, basic_altar, grunt_decor_fettered
D:3:      layout_basic, shapermc_ecumenical_altar_notcrosses,
          minmay_misc_feat_cross, minmay_misc_feat_rows, grunt_decor_junction

Action                   || total
-------------------------++-------
Melee: Unarmed           ||    40
       Bite              ||     1
       Punch             ||     1
Invok: Berserk           ||     1
 Stab: Sleeping          ||     3
Armor: Skin              ||     5
Dodge: Dodged            ||    24

Table legend: (Time is in decaauts)
 A = Elapsed time spent in this place.
 B = Non-inter-level travel time spent in this place.
 C = Inter-level travel time spent in this place.
 D = Time resting spent in this place.
 E = Time spent auto-exploring this place.
 F = Levels seen in this place.
 G = Mean time per level.
                   A        B        C        D        E       F      G
               +--------+--------+--------+--------+--------+-----+--------+
         Total |    818 |    811 |      7 |      0 |    580 |   3 |  272.7 |
       Dungeon |    818 |    811 |      7 |      0 |    580 |   3 |  272.7 |
               +--------+--------+--------+--------+--------+-----+--------+

Top non-repeatable levels by time:
     D:1: 709 daAuts
     D:2: 91 daAuts
     D:3: 17 daAuts
